[Event "Titled Tuesday Blitz August 24 2021"]
[White "Manukyan, Sargis A."]
[Black "Lazavik, Denis"]
[WhiteFideId "13303970"]
[BlackFideId "13515110"]
[WhiteElo "2187"]
[BlackElo "2436"]
[Result "0-1"]
[Round "07"]
[TimeControl "180+1"]
[Date "2021.08.24"]
[WhiteClock "0:00:09"]
[BlackClock "0:00:56"]

1. d4 Nf6 2. c4 e6 3. Nc3 Bb4 4. a3 Bxc3+ 5. bxc3 O-O 6. e3 c5 7. Bd3 Nc6 8. Ne2 b6 9. O-O Ba6 10. e4 Ne8 11. f4 Na5 12. f5 Bxc4 13. Bxc4 Nxc4 14. Qd3 Na5 15. f6 Kh8 16. e5 gxf6 17. exf6 Rg8 18. Bf4 Nc6 19. h4 Qxf6 20. dxc5 Qg6 21. Qxg6 Rxg6 22. cxb6 axb6 23. c4 Ng7 24. Rfd1 Rg8 25. Rxd7 Nh5 26. Bg5 h6 27. g4 Ne5 28. gxh5 Rxg5+ 29. hxg5 Rxg5+ 30. Kf2 Nxd7 31. Rd1 Ne5 32. Rd6 Nxc4 33. Rc6 Nxa3 34. Rxb6 Rxh5 35. Rb7 Kg7 36. Nf4 Re5 37. Nd3 Rf5+ 38. Ke3 Nc4+ 39. Kd4 Nd6 40. Rd7 Rd5+ 41. Ke3 Nf5+ 0-1


[Site "https://www.chess.com"]

[Event "Titled Tuesday Blitz August 24 2021"]
[White "Melikhov, Evgeny V."]
[Black "Liyanage, Ranindu Dilshan"]
[WhiteFideId "4122046"]
[BlackFideId "9915834"]
[WhiteElo "1957"]
[BlackElo "1839"]
[Result "0-1"]
[Round "07"]
[TimeControl "180+1"]
[Date "2021.08.24"]
[WhiteClock "0:01:08"]
[BlackClock "0:00:43"]

1. d4 Nf6 2. c4 e6 3. Nc3 Bb4 4. Qc2 O-O 5. e4 d5 6. e5 Ne4 7. Bd3 c5 8. Nf3 cxd4 9. Nxd4 Nd7 10. Bf4 Qh4 11. g3 Qh5 12. O-O Bxc3 13. bxc3 g5 14. cxd5 exd5 15. e6 fxe6 16. Nxe6 gxf4 17. Nxf8 Nxf8 18. Bxe4 dxe4 19. Qxe4 f3 20. Rad1 Bf5 21. Qd5+ Ne6 22. Rfe1 Re8 23. Rd3 Qh3 24. Qxf3 Bxd3 25. Qxd3 Qh5 26. f4 Qc5+ 27. Qe3 Qxe3+ 28. Rxe3 Kf7 29. Re5 Rc8 30. Rb5 b6 31. Rb3 Nc5 32. Kg2 Nxb3 0-1


[Site "https://www.chess.com"]

[Event "Titled Tuesday Blitz August 24 2021"]
[White "Mezentsev, Ivan"]
[Black "Marcziter, Dmitrii"]
[WhiteFideId "13706195"]
[BlackFideId "13900765"]
[WhiteElo "2295"]
[BlackElo "2155"]
[Result "1-0"]
[Round "07"]
[TimeControl "180+1"]
[Date "2021.08.24"]
[WhiteClock "0:00:48"]
[BlackClock "0:00:22"]

1. d4 Nf6 2. Nf3 g6 3. Bf4 Bg7 4. e3 O-O 5. h3 d6 6. Be2 Nbd7 7. O-O Qe8 8. c4 e5 9. Bh2 Qe7 10. Nc3 c6 11. b4 Re8 12. Re1 e4 13. Nd2 Nf8 14. c5 d5 15. b5 Bd7 16. a4 h5 17. a5 a6 18. bxc6 bxc6 19. Rb1 Bf5 20. Rb6 Qe6 21. Nb3 N8d7 22. Rxa6 Rxa6 23. Bxa6 Nh7 24. Bf1 h4 25. Na4 Ng5 26. Nd2 Nf6 27. Kh1 Nh5 28. Nb6 Nxh3 29. gxh3 Bxh3 30. Bxh3 Qxh3 31. Rg1 Qf5 32. Qe2 Bxd4 33. exd4 e3 34. fxe3 h3 35. a6 Re4 36. a7 Qe6 37. a8=Q+ Kh7 38. Qxh5+ gxh5 39. Qg8+ Kh6 40. Qh8# 1-0


[Site "https://www.chess.com"]

[Event "Titled Tuesday Blitz August 24 2021"]
[White "Moroni, Luca Jr"]
[Black "Kekelidze, Mikheil"]
[WhiteFideId "865834"]
[BlackFideId "13600818"]
[WhiteElo "2491"]
[BlackElo "2387"]
[Result "1/2-1/2"]
[Round "07"]
[TimeControl "180+1"]
[Date "2021.08.24"]
[WhiteClock "0:00:05"]
[BlackClock "0:00:07"]

1. d4 e6 2. c4 Bb4+ 3. Nc3 Nf6 4. Nf3 b6 5. Qb3 c5 6. dxc5 bxc5 7. a3 Ba5 8. Bf4 Nc6 9. e3 Ne4 10. Bd3 Nxc3 11. bxc3 Bc7 12. Be4 Rb8 13. Qa4 Bb7 14. Rb1 Bxf4 15. exf4 O-O 16. O-O Qc7 17. f5 Ne7 18. Bxb7 Rxb7 19. Rxb7 Qxb7 20. fxe6 dxe6 21. Qb5 Qc7 22. Rb1 Rc8 23. h3 h6 24. Rd1 Rb8 25. Qd7 Qxd7 26. Rxd7 Nc6 27. Rc7 Rb6 28. Nd2 f5 29. Nf3 g5 30. g4 fxg4 31. hxg4 Ra6 32. Kg2 Kf8 33. Nd2 Ke8 34. Ne4 Kd8 35. Rh7 Rxa3 36. Nxc5 Rxc3 37. Nxe6+ Ke8 38. c5 Ne5 39. Rxa7 Nxg4 40. Ra4 Nf6 41. Ra7 Nd5 42. Nc7+ Nxc7 43. Rxc7 h5 44. c6 h4 45. Rg7 Rxc6 46. Rxg5 Rc4 47. Rh5 Kf7 48. Kh3 Kg6 49. Rxh4 Rc3+ 50. Kg2 Rc7 51. Rh1 Kf5 52. Re1 Rc6 53. Kf3 Rc3+ 54. Kg2 Rc4 55. Rd1 Rc5 56. Rd3 Re5 57. Rh3 Kg5 58. Kg3 Rd5 59. Rh1 Rd3+ 60. f3 Rd5 61. Ra1 Kg6 62. Ra6+ Kg5 63. Rb6 Rc5 64. Re6 Kf5 65. Rh6 Kg5 66. Rh8 Kg6 67. f4 Kg7 68. Rh1 Rc7 69. Kg4 Rc6 70. f5 Rc4+ 71. Kg5 Rc2 72. f6+ Kg8 73. Rg1 Kf7 74. Rg3 Rc6 75. Rf3 Rc2 76. Rg3 Rc4 77. Rh3 Rc5+ 78. Kg4 Ke6 79. Rh6 Rc4+ 80. Kf3 Rb4 81. Kg3 Ra4 82. Rh4 Ra5 83. Rg4 Kf7 84. Rf4 Ra6 85. Kg4 Ra5 86. Rf5 Ra3 87. Kg5 Rg3+ 88. Kf4 Rg6 89. Ke5 Rg1 90. Rh5 Re1+ 91. Kf5 Rf1+ 92. Ke5 Re1+ 93. Kf5 Rf1+ 94. Ke5 Re1+ 1/2-1/2


[Site "https://www.chess.com"]

[Event "Titled Tuesday Blitz August 24 2021"]
[White "Nefedov, Sergey"]
[Black "Laurusas, Tomas"]
[WhiteFideId "24113417"]
[BlackFideId "12803731"]
[WhiteElo "2380"]
[BlackElo "2542"]
[Result "1-0"]
[Round "07"]
[TimeControl "180+1"]
[Date "2021.08.24"]
[WhiteClock "0:00:53"]
[BlackClock "0:00:19"]

1. d4 Nf6 2. Nf3 d5 3. c4 c6 4. Nc3 a6 5. cxd5 cxd5 6. Bf4 Nc6 7. e3 Bg4 8. Be2 e6 9. O-O Bd6 10. Bg3 Bxg3 11. hxg3 O-O 12. Na4 Nd7 13. Rc1 Rc8 14. a3 h5 15. b4 Bxf3 16. gxf3 h4 17. Kg2 hxg3 18. fxg3 g6 19. Rh1 Kg7 20. Nc5 Nxc5 21. bxc5 e5 22. Rb1 exd4 23. exd4 Rc7 24. Rh4 Re8 25. Kf2 Qe7 26. Qd2 Rh8 27. Rxh8 Kxh8 28. Rh1+ Kg8 29. Qf4 Rd7 30. Bd3 Qf8 31. Bxg6 Qg7 32. Bf5 Re7 33. Rh4 Kf8 34. Bd3 Ke8 35. Bc2 Kd8 36. Ba4 Qg6 37. Rh8+ Kd7 38. Rb8 Qd3 39. Qd6# 1-0


[Site "https://www.chess.com"]

[Event "Titled Tuesday Blitz August 24 2021"]
[White "Nesterov, Arseniy"]
[Black "Zhou, Jianchao"]
[WhiteFideId "24198455"]
[BlackFideId "8603537"]
[WhiteElo "2477"]
[BlackElo "2462"]
[Result "0-1"]
[Round "07"]
[TimeControl "180+1"]
[Date "2021.08.24"]
[WhiteClock "0:00:03"]
[BlackClock "0:00:14"]

1. d4 f5 2. Nf3 Nf6 3. e3 e6 4. c4 d5 5. Be2 c6 6. O-O Nbd7 7. b3 Ne4 8. a4 a5 9. Ba3 Bxa3 10. Nxa3 O-O 11. Nc2 b6 12. Nce1 Bb7 13. Nd3 c5 14. cxd5 Bxd5 15. Nf4 Nc3 16. Qc2 Nxe2+ 17. Qxe2 Bxb3 18. Qb5 Bd5 19. Nxd5 exd5 20. Qc6 cxd4 21. Qxd5+ Kh8 22. Nxd4 Nc5 23. Qf3 f4 24. Rfd1 fxe3 25. Qxe3 Qf6 26. f3 Rae8 27. Qf2 h6 28. Qc2 Re3 29. Nb5 Rb3 30. Rab1 Rb4 31. h3 Qf5 32. Qxf5 Rxf5 33. Rxb4 axb4 34. Rb1 Rf4 35. Kf2 b3 36. Nc3 Rc4 37. Nd5 b2 38. Ke3 Nxa4 39. Kd2 Rd4+ 40. Kc2 Rxd5 41. Kb3 b5 42. Kb4 Kh7 43. f4 Kg6 44. g4 Kf6 45. Kb3 Rc5 46. Ka2 Nc3+ 47. Kxb2 Nxb1 0-1


[Site "https://www.chess.com"]

[Event "Titled Tuesday Blitz August 24 2021"]
[White "Ovetchkin, Roman"]
[Black "Zhuravlev, Alexey"]
[WhiteFideId "4119991"]
[BlackFideId "4164199"]
[WhiteElo "2432"]
[BlackElo "2500"]
[Result "0-1"]
[Round "07"]
[TimeControl "180+1"]
[Date "2021.08.24"]
[WhiteClock "0:00:13"]
[BlackClock "0:00:04"]

1. d4 Nf6 2. c4 g6 3. Nc3 Bg7 4. e4 d6 5. Nf3 O-O 6. Be2 e5 7. d5 a5 8. Bg5 h6 9. Be3 Ng4 10. Bd2 f5 11. exf5 gxf5 12. h3 Nf6 13. Qc1 f4 14. g3 e4 15. Nh4 e3 16. fxe3 fxg3 17. Ng6 Re8 18. O-O Bxh3 19. Rf4 Nbd7 20. Qe1 Ne5 21. Qxg3 Nxg6 22. Qxg6 Re5 23. Kh2 Rg5 24. Qd3 Nh5 25. Ne4 Bf5 26. Rh4 Be5+ 27. Kh1 Ng3+ 28. Nxg3 Bxd3 29. Bxd3 Bxg3 30. Rxh6 Rg7 31. Rg1 Qg5 32. Rh3 Kf7 33. Bc3 Rag8 34. Rf1+ Ke7 35. Rf5 Qg6 36. Bf6+ Qxf6 37. Rxf6 Kxf6 38. Rh6+ Ke7 39. Re6+ Kd7 40. Bf5 Kd8 41. Rh6 Be5 42. Bg6 Rxg6 43. Rxg6 Rxg6 44. b3 Ke7 0-1


[Site "https://www.chess.com"]

[Event "Titled Tuesday Blitz August 24 2021"]
[White "Pajeken, Jakob Leon"]
[Black "Rahman, Ziaur"]
[WhiteFideId "12942839"]
[BlackFideId "10200037"]
[WhiteElo "2231"]
[BlackElo "2460"]
[Result "0-1"]
[Round "07"]
[TimeControl "180+1"]
[Date "2021.08.24"]
[WhiteClock "0:02:31"]
[BlackClock "0:02:08"]

1. d4 Nf6 2. Nf3 e6 3. Bf4 d5 4. e3 Bd6 5. c3 Nc6 6. Bg3 Ne4 7. Nbd2 f5 8. Bh4 Be7 9. Bxe7 Nxe7 10. Ne5 O-O 11. f3 Nd6 12. Bb5 Nxb5 0-1


[Site "https://www.chess.com"]

[Event "Titled Tuesday Blitz August 24 2021"]
[White "Pakleza, Zbigniew"]
[Black "Biletskiy, Danylo"]
[WhiteFideId "1119290"]
[BlackFideId "14155419"]
[WhiteElo "2526"]
[BlackElo "2099"]
[Result "1-0"]
[Round "07"]
[TimeControl "180+1"]
[Date "2021.08.24"]
[WhiteClock "0:00:28"]
[BlackClock "0:00:58"]

1. Nf3 Nf6 2. c4 e6 3. Nc3 d5 4. cxd5 exd5 5. d4 c6 6. Bg5 Bf5 7. Qb3 Qd7 8. Bxf6 gxf6 9. e3 Bd6 10. Qd1 Qc7 11. Bd3 Bg6 12. g3 Nd7 13. Nh4 Bb4 14. O-O O-O 15. Ne2 Bd6 16. Nf5 Rfe8 17. Rc1 a5 18. Nc3 Qb8 19. Kg2 Bf8 20. h4 Bg7 21. h5 Bxf5 22. Bxf5 Nf8 23. h6 Bxh6 24. Rh1 Bg7 25. Qh5 h6 26. Ne2 Ng6 27. Bxg6 fxg6 28. Qxg6 Re7 29. Rxh6 Qe8 30. Qh7+ Kf7 31. Nf4 Qg8 32. Qg6+ Kf8 33. Rh7 Qf7 34. Rch1 Qg8 35. R1h4 Ra6 36. Rg4 Rb6 37. Nh5 1-0


[Site "https://www.chess.com"]

[Event "Titled Tuesday Blitz August 24 2021"]
[White "Palchuk, Andrii"]
[Black "Sanchez Alvares, Kelvin Antonio"]
[WhiteFideId "14176688"]
[BlackFideId "3906680"]
[WhiteElo "2320"]
[BlackElo "2247"]
[Result "0-1"]
[Round "07"]
[TimeControl "180+1"]
[Date "2021.08.24"]
[WhiteClock "0:00:04"]
[BlackClock "0:00:24"]

1. e4 c5 2. Nf3 d6 3. d4 cxd4 4. Nxd4 Nf6 5. Nc3 g6 6. Be3 Bg7 7. f3 O-O 8. Qd2 Nc6 9. O-O-O Nxd4 10. Bxd4 Be6 11. Kb1 Qc7 12. h4 Rfc8 13. g4 Qa5 14. a3 Rab8 15. h5 b5 16. hxg6 fxg6 17. g5 b4 18. Nd5 Nxd5 19. Bxg7 Nc3+ 20. Kc1 bxa3 21. Bxc3 Rxc3 22. bxc3 a2 23. Qh2 Rb1+ 24. Kd2 Qxg5+ 25. f4 Rxd1+ 26. Kxd1 Qh5+ 27. Qxh5 gxh5 28. f5 a1=Q+ 29. Kd2 Bf7 30. Bg2 Qa5 31. Rg1 Qc5 32. Rf1 Qe5 33. Rf2 Qg3 34. Re2 h4 35. e5 Bh5 36. Bd5+ Kf8 37. Rg2 Qf4+ 38. Kd3 Bf7 39. e6 Bh5 40. Be4 h3 41. Rg1 h2 42. Rb1 Bf3 43. Rb8+ Kg7 44. Re8 Qxe4+ 45. Kd2 h1=Q 46. Rxe7+ Kf8 47. Rf7+ Ke8 48. c4 Qhe1# 0-1


[Site "https://www.chess.com"]

[Event "Titled Tuesday Blitz August 24 2021"]
[White "Pastar, Slaven"]
[Black "Mikhailovsky, Vladimir"]
[WhiteFideId "14402718"]
[BlackFideId "34105414"]
[WhiteElo "2150"]
[BlackElo "2315"]
[Result "0-1"]
[Round "07"]
[TimeControl "180+1"]
[Date "2021.08.24"]
[WhiteClock "0:00:01"]
[BlackClock "0:00:04"]

1. b3 d5 2. Bb2 Bg4 3. h3 Bh5 4. g3 Bg6 5. Nf3 c6 6. Bg2 Nd7 7. O-O Ngf6 8. d3 Qc7 9. Nc3 e5 10. Re1 d4 11. Nb1 Bb4 12. c3 dxc3 13. Bxc3 Bxc3 14. Nxc3 O-O 15. Qc2 Rfe8 16. Nd2 Nc5 17. b4 Ne6 18. Nb3 Rad8 19. Rec1 a6 20. a4 Qe7 21. b5 axb5 22. axb5 Nd4 23. Nxd4 exd4 24. bxc6 dxc3 25. cxb7 Nd5 26. Qb3 Nf6 27. Ra8 Nd7 28. Rxd8 Rxd8 29. Rxc3 Nb8 30. Rc8 Qd7 31. Qc4 Bf5 32. Rxd8+ Qxd8 33. g4 Be6 34. Qc5 h6 35. f4 f6 36. f5 Bd7 37. Bd5+ Kh7 38. Qd6 Qe8 39. Be6 Bc6 40. e4 Bxb7 41. Qc7 Ba6 42. Bf7 Qf8 43. Bg6+ Kh8 44. Qc3 Nd7 45. Kf2 Nc5 46. Qa3 Nxd3+ 0-1


[Site "https://www.chess.com"]

[Event "Titled Tuesday Blitz August 24 2021"]
[White "Perez Gormaz, Matias"]
[Black "Omariev, Maksim"]
[WhiteFideId "3406342"]
[BlackFideId "4193423"]
[WhiteElo "2352"]
[BlackElo "2428"]
[Result "0-1"]
[Round "07"]
[TimeControl "180+1"]
[Date "2021.08.24"]
[WhiteClock "0:00:03"]
[BlackClock "0:00:06"]

1. e4 c5 2. Nf3 d6 3. d4 cxd4 4. Nxd4 Nf6 5. Nc3 a6 6. Bg5 Nbd7 7. Bc4 b5 8. Bb3 Bb7 9. Qe2 e6 10. O-O-O Qc7 11. a3 Nc5 12. Bxf6 gxf6 13. Kb1 Nxb3 14. cxb3 Qb6 15. Qh5 Qc5 16. Qh3 b4 17. Na4 Qe5 18. axb4 Qxe4+ 19. Ka2 Qxg2 20. Qe3 Be7 21. Rhe1 Rg8 22. f3 Rd8 23. Nf5 Qxf3 24. Qa7 exf5 25. Nb6 Kf8 26. Nc4 Re8 27. Nd2 Qc6 28. Nc4 Qb5 29. Na5 Bd5 30. Rd4 Be6 31. Rc1 d5 32. Rc7 Bxb4 33. Nc6 Be7 34. Nxe7 Kg7 35. Nxg8 Kxg8 36. Qc5 Qe2 37. Qc3 Kh8 38. Rd3 Qe5 39. Rd4 f4 40. Rc5 Rg8 41. Rd3 Qxc3 42. bxc3 Rg2+ 43. Ka3 Bg4 44. Ra5 f3 45. Rxa6 f2 46. Rxf6 Be2 47. Rd2 Kg7 48. Rxe2 Kxf6 49. Rd2 Ke5 50. Rd1 Rg1 51. Rd3 f1=Q 52. Re3+ Kd6 53. Rh3 Qa6+ 54. Kb4 Qb7+ 0-1


[Site "https://www.chess.com"]

[Event "Titled Tuesday Blitz August 24 2021"]
[White "Pichot, Alan"]
[Black "Sadovsky, Artem"]
[WhiteFideId "110973"]
[BlackFideId "4155840"]
[WhiteElo "2622"]
[BlackElo "2442"]
[Result "1-0"]
[Round "07"]
[TimeControl "180+1"]
[Date "2021.08.24"]
[WhiteClock "0:00:14"]
[BlackClock "0:00:03"]

1. d4 g6 2. e4 Bg7 3. Nc3 c6 4. Nf3 d5 5. h3 dxe4 6. Nxe4 Nd7 7. Bc4 Ngf6 8. Nxf6+ Nxf6 9. O-O O-O 10. Re1 Qc7 11. c3 c5 12. Qb3 e6 13. Bg5 b6 14. dxc5 Qxc5 15. Be3 Qc7 16. Bd4 Bb7 17. Ne5 Nd5 18. Bf1 Rad8 19. Rad1 Ba8 20. Ng4 h5 21. Bxg7 Kxg7 22. Ne5 Nf6 23. Rxd8 Rxd8 24. Qb4 Nd5 25. Qd4 f6 26. Nxg6 Kxg6 27. Rxe6 Qf4 28. Re4 Qd6 29. Rh4 Kg7 30. Qa4 Bc6 31. Qxa7+ Rd7 32. Qa6 Nf4 33. Qc4 Ng6 34. Rxh5 Qd1 35. Qxc6 Re7 36. Rd5 Qa1 37. Rd7 Rxd7 38. Qxd7+ Kh6 39. Qf5 Kg7 40. Qc2 Qxa2 41. g3 Qa1 42. Kg2 Ne5 43. Be2 Qa8+ 44. f3 Qd5 45. Qc1 Qc5 46. Qf4 Qd6 47. Qd4 Qc7 48. f4 Qc6+ 49. Kf2 Nf7 50. Bf3 Qb5 51. b4 Qa4 52. g4 Qc2+ 53. Kg3 Qc1 54. g5 Qe1+ 55. Kg2 1-0


[Site "https://www.chess.com"]

[Event "Titled Tuesday Blitz August 24 2021"]
[White "Polivanov, Anatoliy"]
[Black "Bryakin, Mikhail"]
[WhiteFideId "14109468"]
[BlackFideId "4165314"]
[WhiteElo "2472"]
[BlackElo "2336"]
[Result "1-0"]
[Round "07"]
[TimeControl "180+1"]
[Date "2021.08.24"]
[WhiteClock "0:00:31"]
[BlackClock "0:01:18"]

1. d4 Nf6 2. Bg5 c5 3. Bxf6 exf6 4. Nc3 d6 5. dxc5 dxc5 6. Qxd8+ Kxd8 7. O-O-O Bd7 8. e3 Nc6 9. Nf3 a6 10. Bc4 Kc7 11. Nd5+ Kb8 12. Nb6 Be6 13. Bxe6 fxe6 14. Nxa8 Kxa8 15. Rd7 Kb8 16. Rhd1 Kc8 17. Rf7 Nd8 18. Rfd7 Nc6 19. Rf7 Nd8 20. Rxd8+ Kxd8 21. Rxb7 g6 22. Ra7 Rg8 23. Nd2 Rg7 24. Rxa6 Kd7 25. Ra7+ Kc6 26. Rxg7 Bxg7 27. a4 f5 28. Nc4 Bf6 29. c3 e5 30. f3 e4 31. fxe4 fxe4 32. Kd2 Kd5 33. b3 Bd8 34. Na3 Ba5 35. Nc2 Bc7 36. h3 h5 37. c4+ Kc6 38. Na3 Ba5+ 39. Ke2 Bc3 40. Nb1 Bb4 41. Nd2 Bxd2 42. Kxd2 Kb6 43. h4 Ka6 44. Kc3 Ka5 45. b4+ cxb4+ 46. Kb3 Kb6 47. Kxb4 Kc6 48. a5 Kb7 49. Kc5 Ka7 50. Kd4 Ka6 51. Kxe4 Kxa5 52. Kd5 Kb6 53. Kd6 Kb7 54. c5 Kc8 55. Ke6 Kc7 56. Kf6 Kc6 57. Kxg6 Kxc5 58. Kxh5 1-0


[Site "https://www.chess.com"]

[Event "Titled Tuesday Blitz August 24 2021"]
[White "Ponikarovsky, Alexey"]
[Black "Sarana, Alexey"]
[WhiteFideId "4122887"]
[BlackFideId "24133795"]
[WhiteElo "1944"]
[BlackElo "2646"]
[Result "1/2-1/2"]
[Round "07"]
[TimeControl "180+1"]
[Date "2021.08.24"]
[WhiteClock "0:00:17"]
[BlackClock "0:00:04"]

1. e4 c5 2. d4 cxd4 3. Nf3 d6 4. Bc4 Nf6 5. Qe2 Nc6 6. h3 g6 7. O-O Bg7 8. Rd1 O-O 9. c3 dxc3 10. Nxc3 Nd7 11. Bf4 Nde5 12. Bb3 Be6 13. Bd5 Rc8 14. Rac1 Qa5 15. Bxe6 fxe6 16. Bxe5 Nxe5 17. Nd4 Rf6 18. Nd5 Rxc1 19. Nxf6+ Bxf6 20. Rxc1 Qxa2 21. Qb5 Kg7 22. Qxb7 Nd3 23. Rd1 Nxb2 24. Rd2 Qa1+ 25. Kh2 Nc4 26. Rd3 Ne5 27. Nxe6+ Kf7 28. Nd8+ Ke8 29. Rb3 Qc1 30. Ne6 Kf7 31. Qd5 Qc4 32. Rb7 a5 33. Ra7 Qxd5 34. exd5 Nc4 35. Nd8+ Ke8 36. Ne6 Kf7 37. g3 g5 38. Kg2 Kg6 39. Nf8+ Kg7 40. Ne6+ Kg6 41. g4 h5 42. Nd8 hxg4 43. hxg4 Bd4 44. Rxe7 Bf6 45. Rc7 Ne5 46. Ne6 Nxg4 47. Rc6 Be5 48. Ra6 Nf6 49. Rxa5 Kf5 50. Ng7+ Ke4 51. f3+ Kd3 52. Nf5 g4 53. fxg4 Nxg4 54. Ra3+ Ke4 55. Ng3+ Kxd5 56. Ra5+ Ke6 57. Ne4 Ne3+ 58. Kf3 Nc4 59. Ra8 d5 60. Ra6+ Kf5 61. Nf2 Nd2+ 62. Ke2 Nc4 63. Kd3 Bg3 64. Nd1 Be5 65. Ne3+ Nxe3 66. Kxe3 Bf6 67. Ra8 Ke5 68. Re8+ Kd6 69. Kd3 Kd7 70. Rf8 Ke7 71. Rg8 Ke6 72. Rg1 Kd6 73. Rc1 Ke6 74. Rc6+ Kf5 75. Ke3 Ke5 76. Ra6 Be7 77. Ra1 Bf6 78. Rf1 Bd8 79. Kd3 Kd6 80. Rf8 Be7 81. Rg8 Ke6 82. Kd4 Bf6+ 83. Kc5 Be7+ 84. Kc6 d4 85. Kb5 Kd5 86. Re8 Bf6 87. Rf8 Be7 88. Rf7 Bd6 89. Rf1 d3 90. Rd1 Kd4 91. Ka4 Kc3 92. Rxd3+ Kxd3 1/2-1/2


[Site "https://www.chess.com"]

[Event "Titled Tuesday Blitz August 24 2021"]
[White "Postny, Evgeny"]
[Black "Machidon, Cristi"]
[WhiteFideId "2804344"]
[BlackFideId "13904590"]
[WhiteElo "2521"]
[BlackElo "2312"]
[Result "1-0"]
[Round "07"]
[TimeControl "180+1"]
[Date "2021.08.24"]
[WhiteClock "0:00:04"]
[BlackClock "0:00:06"]

1. e4 c6 2. d4 d5 3. f3 e6 4. Nc3 c5 5. Nge2 Nc6 6. Be3 dxe4 7. Nxe4 cxd4 8. Nxd4 Bd7 9. Be2 Nf6 10. O-O Nxe4 11. fxe4 Bc5 12. c3 O-O 13. Kh1 Qe7 14. Qe1 e5 15. Nxc6 Bxc6 16. Bc4 Rad8 17. Rf3 Rd7 18. b4 Bxe3 19. Qxe3 a6 20. Raf1 Qe8 21. h4 Kh8 22. h5 h6 23. Rf6 Kh7 24. Rxh6+ gxh6 25. Rf6 Bxe4 26. Rxh6+ Kg7 27. Qg5+ Bg6 28. hxg6 Rd1+ 29. Kh2 fxg6 30. Bb3 Rh8 31. Rxh8 Qxh8+ 32. Kg3 Qf8 33. Bxd1 Qd6 34. Kf2 Qxd1 35. Qxe5+ Kh6 36. Qe3+ g5 37. Qe6+ Kg7 38. Qe5+ Kg6 39. Qe4+ Kf6 40. Qd4+ Qxd4+ 41. cxd4 Ke6 42. Ke3 Kd5 43. Kd3 g4 44. g3 b6 45. a4 b5 46. a5 Kd6 47. Ke4 Ke6 48. d5+ Kd6 49. Kd4 1-0


[Site "https://www.chess.com"]

[Event "Titled Tuesday Blitz August 24 2021"]
[White "Potapova, Margarita"]
[Black "Ivanisevic, Ivan"]
[WhiteFideId "14126869"]
[BlackFideId "912417"]
[WhiteElo "2214"]
[BlackElo "2499"]
[Result "1-0"]
[Round "07"]
[TimeControl "180+1"]
[Date "2021.08.24"]
[WhiteClock "0:00:45"]
[BlackClock "0:01:14"]

1. e4 e5 2. Nf3 Nc6 3. Nc3 Nf6 4. d4 exd4 5. Nxd4 Bb4 6. Nxc6 bxc6 7. Bd3 O-O 8. O-O Re8 9. Bg5 h6 10. Bh4 Be7 11. e5 Nd5 12. Bg3 Rb8 13. Qf3 Nb4 14. Bc4 Rf8 15. a3 Nxc2 16. Rac1 Nd4 17. Qe4 c5 18. Bd3 g6 19. b4 Bb7 20. Nd5 d6 21. bxc5 dxc5 22. Bc4 Ba8 23. Nxe7+ Qxe7 24. Qxg6+ Kh8 25. Qxh6+ Kg8 26. Bh4 1-0


[Site "https://www.chess.com"]

[Event "Titled Tuesday Blitz August 24 2021"]
[White "Praggnanandhaa R"]
[Black "Petrovskyi, Vadym"]
[WhiteFideId "25059530"]
[BlackFideId "14165210"]
[WhiteElo "2555"]
[BlackElo "2334"]
[Result "1-0"]
[Round "07"]
[TimeControl "180+1"]
[Date "2021.08.24"]
[WhiteClock "0:01:26"]
[BlackClock "0:00:17"]

1. c3 Nf6 2. d4 g6 3. Qc2 Bg7 4. e4 d6 5. Bd3 O-O 6. Nf3 Nbd7 7. O-O e5 8. Nbd2 c6 9. Rd1 Qe7 10. Nf1 Re8 11. Ng3 a6 12. a4 a5 13. b3 Nb6 14. Ba3 Qc7 15. h3 Bd7 16. Bf1 Rad8 17. dxe5 dxe5 18. Bd6 Qc8 19. Bxe5 Nxe4 20. Qxe4 f6 21. Qd4 c5 22. Qd6 Re6 23. Qc7 fxe5 24. Qxc8 Rxc8 25. Rxd7 Nxd7 26. Bc4 Nf8 27. Ng5 Rc6 28. Rd1 h6 29. Nxe6 Nxe6 30. Rd7 Kh8 31. Ne4 g5 32. Rxb7 Nf8 33. Ra7 h5 34. Nxg5 Rg6 35. Nf7+ Kh7 36. Bd3 1-0


[Site "https://www.chess.com"]

[Event "Titled Tuesday Blitz August 24 2021"]
[White "Quintiliano Pinto, Renato R."]
[Black "Gurevich, Dmitry"]
[WhiteFideId "2117568"]
[BlackFideId "2000407"]
[WhiteElo "2439"]
[BlackElo "2506"]
[Result "1-0"]
[Round "07"]
[TimeControl "180+1"]
[Date "2021.08.24"]
[WhiteClock "0:00:17"]
[BlackClock "0:00:05"]

1. e4 c5 2. Nf3 d6 3. d4 cxd4 4. Nxd4 Nf6 5. Nc3 Nc6 6. Bg5 g6 7. Bb5 Bd7 8. O-O Bg7 9. Nb3 h6 10. Bh4 O-O 11. Re1 a6 12. Bf1 Rc8 13. a4 Ne5 14. a5 Nc4 15. Bxc4 Rxc4 16. Qd3 Rc8 17. Rad1 g5 18. Bg3 Nh5 19. e5 Nxg3 20. hxg3 Be6 21. Nd4 Bc4 22. Qf3 e6 23. b3 Qxa5 24. bxc4 Rxc4 25. Ne4 Qxe5 26. Nb3 Rxc2 27. Nxd6 Qb2 28. Rb1 Qa2 29. Nxb7 Rc3 30. Qe2 Rc2 31. Qf1 Rb8 32. N7a5 Rb5 33. Rec1 Rxc1 34. Qxc1 Rxa5 35. Nxa5 Qxa5 36. Rb8+ Kh7 37. Qc2+ Qf5 38. Qxf5+ exf5 39. Ra8 Be5 40. Rxa6 f6 41. Kf1 Kg6 42. Ra4 f4 43. g4 h5 44. f3 hxg4 45. fxg4 Bd6 46. Ra6 Be5 47. Ke2 Bd4 48. Kf3 Be5 49. Ke4 Bc3 50. Kd5 Bb2 51. Ke6 Be5 52. Ra8 Bd4 53. Rg8+ Kh7 54. Kf7 Be5 55. Rg6 Bd4 56. Rxf6 Bxf6 57. Kxf6 1-0


[Site "https://www.chess.com"]

[Event "Titled Tuesday Blitz August 24 2021"]
[White "Quiroga Garza, Juan Manuel"]
[Black "Borsuk, Konstantin"]
[WhiteFideId "5117844"]
[BlackFideId "14113406"]
[WhiteElo "2003"]
[BlackElo "2382"]
[Result "1-0"]
[Round "07"]
[TimeControl "180+1"]
[Date "2021.08.24"]
[WhiteClock "0:01:00"]
[BlackClock "0:00:25"]

1. e4 e6 2. d4 d5 3. Nc3 Bb4 4. e5 b6 5. a3 Bf8 6. f4 Ne7 7. Nf3 h5 8. Bd3 Ba6 9. O-O Bxd3 10. Qxd3 Nf5 11. Ne2 h4 12. c4 c6 13. b4 Be7 14. b5 dxc4 15. Qxc4 cxb5 16. Qxb5+ Qd7 17. Qxd7+ Nxd7 18. Rd1 O-O-O 19. d5 exd5 20. Rxd5 Nc5 21. Rxd8+ Rxd8 22. Bb2 Nd3 23. Bc3 Bc5+ 24. Kh1 Nf2+ 25. Kg1 Ne4+ 26. Kh1 Kb7 27. h3 Nfg3+ 28. Nxg3 hxg3 29. Bb4 Nf2+ 30. Kg1 Be3 31. Kf1 Bxf4 32. Re1 Rc8 33. e6 fxe6 34. Rxe6 Rc1+ 35. Ke2 Rc2+ 36. Kf1 Nd3 37. Re7+ Ka6 38. Nd4 Rf2+ 39. Kg1 Nc1 40. a4 Rb2 41. Nc6 b5 42. a5 Be3+ 43. Kh1 Nd3 44. Nb8# 1-0


[Site "https://www.chess.com"]

[Event "Titled Tuesday Blitz August 24 2021"]
[White "Samsonkin, Artiom"]
[Black "Stoyanov, Tsvetan"]
[WhiteFideId "13503111"]
[BlackFideId "2917173"]
[WhiteElo "2513"]
[BlackElo "2191"]
[Result "1-0"]
[Round "07"]
[TimeControl "180+1"]
[Date "2021.08.24"]
[WhiteClock "0:00:08"]
[BlackClock "0:00:07"]

1. e4 c5 2. Nf3 d6 3. d4 cxd4 4. Qxd4 Nc6 5. Qe3 g6 6. c4 Bg7 7. Be2 Nf6 8. O-O O-O 9. Nc3 Nd7 10. Rb1 Qb6 11. Qd2 Nde5 12. Nxe5 dxe5 13. b3 e6 14. Bb2 Rd8 15. Qg5 h6 16. Qh4 Nd4 17. Rfd1 Bd7 18. Bf1 Bc6 19. Bc1 g5 20. Qg3 f5 21. exf5 exf5 22. Nd5 Rxd5 23. cxd5 Bxd5 24. Bb2 Rd8 25. Bxd4 exd4 26. Bc4 Kh8 27. Bxd5 Rxd5 28. Qd3 Qd6 29. Rbc1 Ra5 30. Rc8+ Kh7 31. Re1 Qd7 32. Rc2 g4 33. Rce2 Bf6 34. Re6 Kg7 35. h3 h5 36. hxg4 hxg4 37. Re8 Rxa2 38. Qc4 Qf7 39. Qc5 g3 40. fxg3 Kg6 41. Rf8 Qxb3 42. Rxf6+ Kxf6 43. Qe7+ Kg6 44. Re6+ Kh5 45. Qh7+ Kg4 46. Qh4# 1-0


[Site "https://www.chess.com"]